 Dungeon Crawl Stone Soup version 0.28.0-47-ge53b351184 (webtiles) character file.

Game seed: 9333749903098842295

1472 CryoSword the Zephyrmancer (level 8, 0/46 HPs)
             Began as a Tengu Air Elementalist on May 4, 2022.
             Slain by a killer bee (6 damage)
             ... on level 6 of the Dungeon.
             The game lasted 00:08:12 (6736 turns).

CryoSword the Zephyrmancer (Tengu Air Elementalist) Turns: 6736, Time: 00:08:12

Health: 0/46       AC:  3    Str:  8    XL:     8   Next: 78%
Magic:  10/12      EV: 15    Int: 19    God:
Gold:   198        SH:  0    Dex: 14    Spells: 1/11 levels left

rFire   . . .      SeeInvis .   t - +1 spear (venom)
rCold   . . .      Faith    .   (no shield)
rNeg    + . .      Spirit   .   k - +0 leather armour
rPois   .          Reflect  .   (helmet restricted)
rElec   .          Harm     +   f - scarf {harm}
rCorr   .          Rampage  .   (no gloves)
Will    .....                   (boots unavailable)
Stlth   ++........              p - amulet of regeneration
HPRegen 0.95/turn               h - ring of positive energy
MPRegen 0.13/turn               (no ring)

@: lethally poisoned (0 -> -1), flying quickly and evasively, quick
A: beak, talons 3, nimble flight
a: no special abilities


You were on level 6 of the Dungeon.
You visited 1 branch of the dungeon, and saw 6 of its levels.

You collected 198 gold pieces.

Inventory:

Hand Weapons
 t - a +1 spear of venom (weapon)
   (You found it on level 4 of the Dungeon)
Missiles
 e - a throwing net
 m - 5 poisoned darts
Armour
 f - a scarf of harm (worn)
   (You found it on level 1 of the Dungeon)
 k - a +0 leather armour (worn)
   (You took it off Edmund on level 4 of the Dungeon)
 q - a +0 tower shield
   (You found it on level 3 of the Dungeon)
Jewellery
 h - a ring of positive energy (left hand)
   (You found it on level 2 of the Dungeon)
 j - a ring of ice
   (You found it on level 2 of the Dungeon)
 p - an amulet of regeneration (around neck)
   (You found it on level 3 of the Dungeon)
Scrolls
 b - a scroll of immolation {unknown}
 l - a scroll of fog {unknown}
 n - a scroll of enchant armour {unknown}
 r - a scroll of acquirement {unknown}
 u - a scroll of enchant weapon {unknown}
 w - a scroll of blinking {unknown}
Potions
 a - a potion of might {unknown}
 c - a potion of berserk rage {unknown}
 d - 2 potions of heal wounds {@q2}
 g - a potion of haste {unknown}
 i - 3 potions of curing {@q1}
 o - a potion of attraction {unknown}
 s - a potion of brilliance {unknown}
 x - a potion of ambrosia {unknown}


   Skills:
 + Level 3.3 Fighting
 + Level 4.4 Dodging
 + Level 4.3 Stealth
 + Level 3.0 Shields
 - Level 2.0 Spellcasting
 + Level 7.0 Conjurations
 * Level 8.6 Air Magic


You had one spell level left.
You knew the following spells:

 Your Spells              Type           Power      Damage    Failure   Level
a - Shock                 Conj/Air       100%       1d9       1%          1
b - Static Discharge      Conj/Air       31%        N/A       1%          2
c - Swiftness             Air            34%        N/A       2%          3
d - Airstrike             Air            17%        N/A       7%          4

Your spell library contained the following spells:

 Spells                   Type           Power      Damage    Failure   Level
 Foxfire                  Conj/Fire      60%        2x1d7     6%          1
 Conjure Flame            Conj/Fire      15%        6-21      17%         3
 Flame Wave               Conj/Fire      15%        2d6       50%         4
 Inner Flame              Hex/Fire       1%         N/A       58%         3


Dungeon Overview and Level Annotations

Branches:
Dungeon (6/15)
 Temple: D:4-7

Altars:

Shops:
D:5 :


Innate Abilities, Weirdness & Mutations

You have a beak for a mouth.
You have claws for feet.
Your magical nature lets you fly swiftly and evasively.


Message History

You kill the orc!
You are struck by an arc of lightning.
There are monsters nearby!
Things that are here:
a +0 dagger; a +0 leather armour You hit the orc but do no damage.
The orc is poisoned.
You claw the orc, but do no damage. You barely miss the orc. You claw the orc!
You kill the orc!
The orc is struck by an arc of lightning.
You kill the orc!
The lightning grounds out.
The orc is struck by an arc of lightning!
You kill the orc!
The lightning grounds out.
The orc is struck by an arc of lightning!
You kill the orc!
You are struck by an arc of lightning.
Things that are here:
a +0 dagger; a +0 ring mail
Items here: ))) [[.
An ice beast comes into view.
An ice beast is nearby!
An ice beast is nearby!
An ice beast is nearby!
Found 25 stones.
You reach to attack!
The helpless ice beast fails to defend itself.
You hit the ice beast but do no damage. You hit the ice beast.
You claw the ice beast. You peck the ice beast. The ice beast hits you.
The ice beast freezes you.
The ice beast is struck by an arc of lightning!
You are struck by an arc of lightning.
The ice beast is struck by an arc of lightning!
The lightning grounds out.
The ice beast closely misses you.
The ice beast is struck by an arc of lightning.
You are struck by an arc of lightning.
The lightning grounds out.
The ice beast closely misses you.
The ice beast is struck by an arc of lightning!
You kill the ice beast!
You are struck by an arc of lightning.
Your Conjurations skill increases to level 7!
w - a scroll labelled REMIEDO LAPTO
v - 2 scrolls labelled FEISALI TIAQO (gained 1)
g - 2 scrolls labelled ZIKUNAL WEXISCH (gained 1)
Found a stone staircase leading down.
There is a stone staircase leading down here.
x - a black potion You now have 179 gold pieces (gained 13).
Items here: ))) [[.
Things that are here:
a +0 dagger; a +0 leather armour
Found an escape hatch in the ceiling.
There is an escape hatch in the ceiling here.
You now have 189 gold pieces (gained 10).
You see here a +0 dagger.
You see here a +0 club.
You see here 19 stones.
Key pressed, stopping explore.
Items here: ))) [[[.
Things that are here:
a +0 dagger; a +0 robe
Things that are here:
a +0 whip; a +0 ring mail
Things that are here:
a +0 dagger; a +0 robe
Items here: )) [[.
You see here 14 stones.
Done exploring.
Done exploring.
Done exploring.
Done exploring.
Done exploring.
You see here a +0 leather armour.
There is a stone staircase leading down here.
You fly downwards.
You hear the sound of rushing water.
There is an entrance to a sewer on this level.
Hurry and find it before the portal rusts away!
There is a stone staircase leading up here.
As you read the scroll labelled FEISALI TIAQO, it crumbles to dust.
You hear a loud clanging noise!
It was a scroll of noise.
You hear an angry buzzing noise. x3
Unknown command.
You drop a scroll of noise {!r}.
As you read the scroll labelled ZIKUNAL WEXISCH, it crumbles to dust.
It is a scroll of identify.
d - 2 potions of heal wounds
As you read the scroll of identify {@r1}, it crumbles to dust.
i - 3 potions of curing You fly upwards.
There is a stone staircase leading down here.
You fly downwards.
You hear the sound of rushing water.
There is an entrance to a sewer on this level.
Hurry and find it before the portal rusts away!
There is a stone staircase leading up here.
You see here a scroll of noise {!r}.
You fly upwards.
There is a stone staircase leading down here.
There is a stone staircase leading down here.
You fly downwards.
You hear the sound of rushing water.
There is an entrance to a sewer on this level.
Hurry and find it before the portal rusts away!
You hear the slow rusting of a very distant drain.
Found 24 stones, a brown potion and a hunting sling.
There is a stone staircase leading up here.
You see here 24 stones.
g - a brown potion You see here 24 stones.
A killer bee comes into view.
A killer bee is nearby!
A killer bee is nearby!
You now have 198 gold pieces (gained 9).
No target in view!
No target in view!
A killer bee is nearby!
A killer bee is nearby!
A killer bee comes into view.
An iguana comes into view.
The killer bee moves out of view.
A killer bee comes into view.
An adder comes into view.
The killer bee buzzes angrily.
The adder moves out of view. 2 killer bees come into view.
Found 6 poisoned darts.
The killer bee buzzes angrily.
The adder hisses angrily.
The killer bee moves out of view.
A killer bee comes into view.
The killer bee buzzes angrily.
You hit the killer bee but do no damage.
The killer bee is poisoned.
Your kick misses the killer bee. The killer bee stings you.
The killer bee misses you. The iguana misses you. The killer bee stings you.
The iguana is struck by an arc of lightning.
The lightning grounds out.
The killer bee is struck by an arc of lightning.
The killer bee is struck by an arc of lightning!
The iguana is struck by an arc of lightning.
The lightning grounds out.
The killer bee stings you.
You are poisoned.
The killer bee poisons you! The iguana bites you!
* * * LOW HITPOINT WARNING * * *
The killer bee closely misses you.
You feel very sick.
You kill the killer bee!
Your Shields skill increases to level 3!
You feel sick. The killer bee stings you!
* * * LOW HITPOINT WARNING * * *
You feel sick. The killer bee stings you.
You die...

##+##.#... ..... ...
#.....#.#######...#..#
#...<.........#...#..#.
#....(#.#.###.....S....
#.....#.#.###..........
#.....#........l.......
#.....#.#####..y.....#
#..)..#.#####yy#.......
#.....#.....@y.y.....#.
#####.#######..#.#...#
#.. ...#.#...# ...
###.#.# ..# #.#.( .#
..### .. ... ##


You could see an iguana, 5 killer bees and an adder.

Vanquished Creatures
  Edmund (D:4)
  An ice beast (D:5)
  A necrophage (D:3)
  An orc warrior (D:5)
  3 ogres
  A phantom (D:4)
  A bullfrog (D:4)
  2 scorpions
  A wyvern zombie (D:4)
  A killer bee (D:6)
  A bullfrog skeleton (D:4)
  3 orc priests (D:5)
  2 hounds
  5 orc wizards (D:5)
  Robin (D:3)
  4 adders
  2 ufetubi (D:4)
  2 adder skeletons (D:4)
  2 dart slugs
  9 orcs (D:5)
  5 endoplasms
  5 giant cockroaches
  16 goblins
  6 hobgoblins
  10 jackals
  5 kobolds
  2 quokkas
  3 ball pythons
  6 bats
  3 frilled lizards
  A jackal skeleton (D:4)
  12 rats
118 creatures vanquished.

Vanquished Creatures (others)
  A plant (D:4)
1 creature vanquished.

Grand Total: 119 creatures vanquished

Notes
Turn   | Place    | Note
-------+----------+-------------------------------------------
     0 | D:1      | CryoSword the Tengu Air Elementalist began the quest for
                  | the Orb.
     0 | D:1      | Reached XP level 1. HP: 10/10 MP: 4/4
   537 | D:1      | Found a faded altar of an unknown god.
   547 | D:1      | Reached XP level 2. HP: 15/15 MP: 1/6
  1044 | D:2      | Learned a level 2 spell: Static Discharge
  1230 | D:2      | Reached XP level 3. HP: 13/19 MP: 2/7
  1553 | D:2      | Reached skill level 5 in Air Magic
  1747 | D:2      | Reached XP level 4. HP: 23/24 MP: 1/8
  1880 | D:2      | Learned a level 3 spell: Swiftness
  2664 | D:3      | Noticed a necrophage
  2689 | D:3      | Killed a necrophage
  2690 | D:3      | Gained mutation: Your magical nature lets you fly swiftly
                  | and evasively. [Tengu growth]
  2690 | D:3      | Reached XP level 5. HP: 7/28 MP: 0/9
  2932 | D:3      | Noticed Robin
  2946 | D:3      | Killed Robin
  2947 | D:3      | Reached skill level 1 in Fighting
  4009 | D:4      | Noticed Edmund
  4317 | D:4      | Noticed an ogre
  4358 | D:4      | Killed an ogre
  4359 | D:4      | Reached skill level 6 in Air Magic
  4359 | D:4      | Reached XP level 6. HP: 34/34 MP: 6/10
  4424 | D:4      | Reached skill level 5 in Conjurations
  4795 | D:4      | Reached skill level 1 in Shields
  4925 | D:4      | Killed Edmund
  4926 | D:4      | Reached XP level 7. HP: 25/39 MP: 2/11
  5225 | D:4      | Reached skill level 7 in Air Magic
  5408 | D:4      | Learned a level 4 spell: Airstrike
  5562 | D:5      | Entered Level 5 of the Dungeon
  5562 | D:5      | Found Oheciac's Book Boutique.
  5620 | D:5      | Reached XP level 8. HP: 17/45 MP: 7/12
  5881 | D:5      | Reached skill level 8 in Air Magic
  6736 | D:6      | Slain by a killer bee

Illustrated notes

Levels and vault maps discovered:
D:1:      lightli_arrival_isolated_outpost, layout_loops_ring, serial_rivers,
          chequers_serial_rivers_marsh, chequers_serial_rivers_micro_b,
          chequers_serial_rivers_micro_a, chequers_serial_rivers_room_a,
          chequers_serial_rivers_micro_c, chequers_serial_rivers_large_a,
          basic_ecumenical_altar
D:2:      layout_basic, chequers_serial_rivers_marsh, minmay_rat_gold_closets
D:3:      layout_basic, uniq_robin
D:4:      minmay_diamond_boxcup, layout_basic, nicolae_zen_rock_garden,
          kennysheep_potato, uniq_edmund
D:5:      layout_loops_ring, serial_shops, nicolae_stop_n_shop_1
D:6:      layout_basic, grunt_temple_overflow_order_and_chaos_2,
          gup_sewer_entry_spiral

Skill      XL: |  1  2  3  4  5  6  7  8 |
---------------+-------------------------+-----
Conjurations   | 2 3 4 5 6 7 |  7.0
Air Magic      | 5 6 7 8 |  8.6
Fighting       | 1 2 3 |  3.3
Dodging        | 3 4 |  4.4
Stealth        | 3 4 |  4.3
Shields        | 1 2 3 |  3.0
Spellcasting   | |  2.0

Action                   |  1- 3 |  4- 6 |  7- 9 || total
-------------------------+-------+-------+-------++-------
Melee: Spear             |    24 |    75 |    29 ||   128
       Kick              |     4 |    11 |     5 ||    20
       Peck              |     5 |    12 |     4 ||    21
 Cast: Shock             |    42 |    23 |    25 ||    90
       Static Discharge  |    11 |    26 |    30 ||    67
  Use: Scroll            |       |     1 |     3 ||     4
 Stab: Sleeping          |     1 |     7 |     3 ||    11
Armor: Robe              |    13 |    10 |       ||    23
       Leather armour    |       |       |     3 ||     3
Dodge: Dodged            |    29 |    63 |    29 ||   121
